 Dungeon Crawl Stone Soup version 0.25-a0-310-g60f0ac2d9a (webtiles) character file.

Game seed: 14812915309254554028, levelgen mode: classic

607 Borgoz the Slasher (level 7, -1/43 HPs)
             Began as a Gargoyle Gladiator on Dec 23, 2019.
             Slain by a leopard gecko (4 damage)
             ... on level 5 of the Dungeon.
             The game lasted 00:04:44 (3768 turns).

Borgoz the Slasher (Gargoyle Gladiator)             Turns: 3768, Time: 00:04:44

Health: -1/43      AC: -1    Str: 18    XL:     7   Next: 43%
Magic:  7/7        EV: 13    Int:  8    God:
Gold:   168        SH:  0    Dex: 13    Spells: 6/6 levels left

rFire    . . .     SeeInvis +   a - +0 long sword
rCold    . . .     Gourm    .   (no shield)
rNeg     + . .     Faith    .   b - +0 leather armour
rPois    ∞         Spirit   .   n - +0 helmet {SInv}
rElec    +         Reflect  .   u - +0 cloak
rCorr    .         Harm     .   (no gloves)
MR       +....                  (no boots)
Stlth    +.........             (no amulet)
HPRegen  0.14/turn              l - ring of protection from magic
MPRegen  0.10/turn              (no ring)

@: corroded
A: negative energy resistance 1, electricity resistance, unbreathing,
petrification resistance, rot immunity, AC +4
a: no special abilities


You were on level 5 of the Dungeon.
You were not hungry.

You visited 1 branch of the dungeon, and saw 5 of its levels.

You collected 264 gold pieces.
You spent 96 gold pieces at shops.

Inventory:

Hand Weapons
 a - a +0 long sword (weapon)
Missiles
 d - 2 throwing nets (quivered)
Armour
 b - a +0 leather armour (worn)
 n - a +0 helmet of see invisible (worn)
 u - a +0 cloak (worn)
Jewellery
 k - an uncursed ring of ice
 l - a ring of protection from magic (left hand)
Wands
 e - a wand of polymorph (7)
 p - a wand of digging (4)
Scrolls
 h - 3 scrolls of remove curse {unknown}
 t - a scroll of fog {unknown}
Potions
 c - 2 potions of berserk rage
 g - 3 potions of curing
 i - 2 potions of heal wounds
 o - 2 potions of might
 q - 2 potions of flight
 r - a potion of agility
 s - a potion of mutation
 v - a potion of degeneration
Comestibles
 f - 8 rations
 m - 4 chunks of flesh


   Skills:
 + Level 4.2 Fighting
 * Level 5.2 Long Blades
 - Level 1.7 Throwing
 + Level 3.4 Armour
 + Level 3.7 Dodging


You had 6 spell levels left.
You didn't know any spells.
Your spell library was empty.

Dungeon Overview and Level Annotations

Branches:
Dungeon (5/15)
 Temple: D:4-7

Altars:
Ru

Shops:
D:4 ?


Innate Abilities, Weirdness & Mutations

You are resistant to torment.
Your stone body is resilient. (AC +4)
You are immune to poison.
You resist negative energy. (rN+)
You are resistant to electric shocks. (rElec)
You can survive without breathing.
You are immune to petrification.
You are immune to rotting.


Message History

Found a scroll of teleportation.
The bullfrog skeleton closely misses you.
The bullfrog skeleton hits you.
* * * LOW HITPOINT WARNING * * *
The bullfrog skeleton misses you.
You riposte.
You hit the bullfrog skeleton but do no damage.
The bullfrog skeleton misses you.
You hit the leopard gecko but do no damage.
The leopard gecko closely misses you.
Your leather armour prevents you from hitting the leopard gecko.
The leopard gecko barely misses you. The leopard gecko bites you.
* * * LOW HITPOINT WARNING * * *
You miss the leopard gecko. The leopard gecko barely misses you.
You closely miss the leopard gecko. The leopard gecko bites you.
* * * LOW HITPOINT WARNING * * *
You hit the leopard gecko but do no damage.
The leopard gecko barely misses you.
You riposte.
You closely miss the leopard gecko. You barely miss the leopard gecko.
The leopard gecko bites you.
You die...

### ..# #.#
#.#.# #.#.# ####
#.#@#
##♣♣≈≈♣##.#l#
♣≈P≈≈P≈P#.#Z#
P♣♣♣♣P≈≈≈P≈≈.#.#
≈≈P≈≈≈≈≈P≈P≈.#.#
...........Z...#
≈≈≈P≈P≈≈≈≈≈♣...#
≈PP≈PP≈≈≈≈♣#..##
≈≈P♣≈P≈≈P≈##..#


You could see a leopard gecko and a bullfrog skeleton.

Vanquished Creatures
  A hungry ghost (D:4)
  An ogre (D:4)
  2 hounds (D:4)
  Crazy Yiuf (D:4)
  A centaur skeleton (D:4)
  An orc wizard (D:3)
  3 worker ants (D:4)
  A howler monkey skeleton (D:4)
  6 adders
  2 oozes (D:2)
  An adder skeleton (D:4)
  3 worms
  A dart slug (D:3)
  3 leopard geckos
  5 orcs
  5 giant cockroaches
  10 goblins
  5 hobgoblins
  9 jackals
  A quokka (D:4)
  A ball python (D:1)
  10 bats
  5 frilled lizards
  5 kobolds
  4 rats
87 creatures vanquished.

Notes
Turn   | Place    | Note
-------+----------+-------------------------------------------
     0 | D:1      | Borgoz the Gargoyle Gladiator began the quest for the Orb.
     0 | D:1      | Reached XP level 1. HP: 12/12 MP: 1/1
    64 | D:1      | Reached XP level 2. HP: 11/18 MP: 2/2
   286 | D:1      | Reached skill level 3 in Long Blades
   536 | D:1      | Reached skill level 1 in Armour
   537 | D:1      | Reached XP level 3. HP: 16/22 MP: 3/3
  1594 | D:2      | Reached XP level 4. HP: 14/27 MP: 4/4
  1755 | D:2      | Found a sacrificial altar of Ru.
  1831 | D:2      | You fall into a shaft and drop 1 floor!
  2110 | D:3      | Reached XP level 5. HP: 15/32 MP: 5/5
  2544 | D:3      | Reached skill level 4 in Long Blades
  2787 | D:4      | Found Wiehoala's Magic Scroll Boutique.
  2794 | D:4      | Noticed a hungry ghost
  2836 | D:4      | Killed a hungry ghost
  2836 | D:4      | Reached XP level 6. HP: 23/37 MP: 6/6
  3080 | D:4      | Found a runed translucent door.
  3081 | D:4      | Noticed Crazy Yiuf
  3182 | D:4      | Reached XP level 7. HP: 6/43 MP: 7/7
  3448 | D:4      | Bought a scroll of identify for 24 gold pieces
  3448 | D:4      | Bought 2 scrolls of identify for 48 gold pieces
  3448 | D:4      | Bought a scroll of identify for 24 gold pieces
  3521 | D:4      | Reached skill level 5 in Long Blades
  3694 | D:4      | Killed Crazy Yiuf
  3731 | D:5      | Entered Level 5 of the Dungeon
  3768 | D:5      | Slain by a leopard gecko

Levels and vault maps discovered:
D:1:      dpeg_arrival_boxorama, layout_basic
D:2:      minmay_alternating_diamond, layout_rooms,
          nicolae_ru_sacrificial_ziggurat
D:3:      layout_basic, first_ration
D:4:      minmay_diamond_boxcup, layout_rooms, serial_shops, nicolae_shop_stone,
          uniq_crazy_yiuf_cottage
D:5:      layout_cave_pools, minmay_temple_entry_butterflies,
          serial_bayou_lagoon_b, uniq_ijyb

Skill      XL: |  1  2  3  4  5  6  7 |
---------------+----------------------+-----
Long Blades    | 3 4 5 |  5.2
Armour         | 1 2 3 |  3.4
Fighting       | 3 4 |  4.2
Dodging        | 3 |  3.7
Throwing       | |  1.7

Action                   |  1- 3 |  4- 6 |  7- 9 || total
-------------------------+-------+-------+-------++-------
Melee: Long sword        |    92 |   170 |    47 ||   309
Throw: Throwing net      |       |     1 |       ||     1
  Use: Potion            |       |     1 |       ||     1
       Scroll            |       |       |    10 ||    10
  Eat: Chunk             |     2 |     6 |     2 ||    10
       Ration            |       |     3 |       ||     3
Armor: Leather armour    |    43 |    79 |    19 ||   141
Dodge: Dodged            |    80 |   136 |    60 ||   276
       Rpst.: Long sword |    29 |    45 |    27 ||   101

Table legend:
 A = Non-vault XP
 B = Vault XP
 C = Vault XP percentage of total XP
 D = Non-vault monster count
 E = Vault monster count
 F = Vault count percentage of total count
                 A         B        C        D         E       F
            +---------+---------+-------+---------+---------+-------
      Total |     714 |     154 |  17.7 |      79 |       8 |   9.2
            +---------+---------+-------+---------+---------+-------
        D:1 |      39 |       0 |   0.0 |      23 |       0 |   0.0
        D:2 |      64 |       7 |   9.9 |      17 |       2 |  10.5
        D:3 |     120 |       0 |   0.0 |      24 |       0 |   0.0
        D:4 |     491 |     147 |  23.0 |      15 |       6 |  28.6
            +---------+---------+-------+---------+---------+-------
